 Dungeon Crawl Stone Soup version 0.26.0-15-gc6cd9f700b (webtiles) character file.

Game seed: 7518430816876013266

3403 EnegeticOcto the Frost Mage (level 10, 28/73 HPs)
             Began as a Gnoll Ice Elementalist on Jan 16, 2021.
             Was a Follower of Vehumet.
             Quit the game on level 7 of the Dungeon.
             The game lasted 00:12:51 (1770 turns).

EnegeticOcto the Frost Mage (GnIE)                  Turns: 1770, Time: 00:12:51

Health: 28/73      AC:  3    Str: 11    XL:     10   Next: 4%
Magic:  16/20      EV: 17    Int: 20    God:    Vehumet [*.....]
Gold:   291        SH:  0    Dex: 16    Spells: 12/23 levels left

rFire    + . .     SeeInvis .   x - +3 trident
rCold    . . .     Faith    .   (no shield)
rNeg     . . .     Spirit   .   l - +0 robe {Will+}
rPois    .         Reflect  .   B - +0 helmet
rElec    .         Harm     .   (no cloak)
rCorr    .         Rampage  .   (no gloves)
Will     +....                  (no boots)
Stlth    +++.......             (no amulet)
HPRegen  0.22/turn              m - ring of flight
MPRegen  0.17/turn              y - ring of protection from fire

@: no status effects
A: distributed training, fangs 1, strong nose
a: Renounce Religion, Evoke Flight


You were on level 7 of the Dungeon.
You worshipped Vehumet.
Vehumet was aware of your devotion.
You visited 1 branch of the dungeon, and saw 8 of its levels.

You collected 291 gold pieces.

Inventory:

Hand Weapons
 d - a +0 dagger
   (You took it off a goblin on level 2 of the Dungeon)
 u - a +0 flail of draining
   (You took it off Edmund on level 4 of the Dungeon)
 x - a +3 trident (weapon)
   (You found it on level 5 of the Dungeon)
Missiles
 s - 4 boomerangs (quivered)
 D - 8 javelins
 E - 4 throwing nets {!f}
Armour
 a - a +0 robe
 b - a +0 kite shield
   (You found it on level 1 of the Dungeon)
 l - a +0 robe of willpower (worn)
   (You found it on level 3 of the Dungeon)
 B - a +0 helmet (worn)
   (You found it on level 7 of the Dungeon)
Jewellery
 m - a ring of flight (left hand)
   (You found it on level 3 of the Dungeon)
 y - a ring of protection from fire (right hand)
   (You found it on level 6 of the Dungeon)
Wands
 v - a wand of digging (11) {@v3}
   (You took it off Ijyb on level 4 of the Dungeon)
 w - a wand of acid (6) {@v1}
   (You found it on level 5 of the Dungeon)
Scrolls
 c - 4 scrolls of random uselessness {unknown}
 e - 2 scrolls of immolation
 f - 2 scrolls of identify {unknown}
 g - 2 scrolls of enchant armour {unknown}
 i - 2 scrolls of amnesia {unknown}
 k - 2 scrolls of magic mapping {unknown}
 o - 2 scrolls of enchant weapon {unknown}
 p - a scroll of teleportation {unknown}
 z - a scroll of remove curse {unknown}
 C - a scroll of fear {unknown}
Potions
 h - a potion of curing {unknown}
 j - 2 potions of brilliance {unknown}
 n - a potion of attraction {unknown}
 q - a potion of haste {unknown}
 r - a potion of heal wounds {unknown}
 t - a potion of invisibility {unknown}
 A - a potion of might {@q3 !q}


   Skills:
 + Level 4.8 Fighting
 + Level 4.8 Short Blades
 + Level 4.8 Long Blades
 + Level 4.8 Axes
 + Level 4.8 Maces & Flails
 + Level 4.8 Polearms
 + Level 4.8 Staves
 + Level 4.8 Slings
 + Level 4.8 Bows
 + Level 4.8 Crossbows
 + Level 4.8 Throwing
 + Level 4.8 Armour
 + Level 6.7 Dodging
 + Level 6.5 Stealth
 + Level 4.8 Shields
 + Level 4.8 Unarmed Combat
 + Level 7.0 Spellcasting
 + Level 4.0 Conjurations
 + Level 4.0 Hexes
 + Level 4.0 Summonings
 + Level 4.0 Necromancy
 + Level 4.0 Translocations
 + Level 4.0 Transmutations
 + Level 4.0 Fire Magic
 + Level 8.2 Ice Magic
 + Level 4.0 Air Magic
 + Level 4.0 Earth Magic
 + Level 4.0 Poison Magic
 + Level 5.3 Invocations
 + Level 4.8 Evocations


You had 12 spell levels left.
You knew the following spells:

 Your Spells              Type           Power        Failure   Level
a - Freeze                Ice            100%         1%          1
b - Frozen Ramparts       Ice            80%          1%          3
c - Ozocubu's Armour      Ice            40%          1%          3
d - Summon Ice Beast      Ice/Summ       31%          8%          4

Your spell library contained the following spells:

 Spells                   Type           Power        Failure   Level
 Shock                    Conj/Air       92%          1%          1
 Pain                     Necr           92%          1%          1
 Hailstorm                Conj/Ice       31%          8%          4


Dungeon Overview and Level Annotations

Branches:
Dungeon (8/15)             Temple (0/1) D:7
   Lair: D:8-11

Altars:
Kikubaaqudgha
Sif Muna
Vehumet

Shops:
D:5 (

Annotations:
D:4 Menkaure
D:6 Valentain's ghost, weakling HODe


Innate Abilities, Weirdness & Mutations

Your experience applies equally to all skills.
You have very sharp teeth.
Your uncanny sense of smell can sniff out nearby items.


Message History

Your ice beast completely resists.
Your ice beast hits the ice beast but does no damage.
Reach: x) +3 trident
Press: ? - help, Dir - move target, f/p - ice beast
Aim: an ice beast (lightly wounded)
You reach to attack!
You puncture the ice beast!
The ice beast is moderately wounded.
The ice beast hits your ice beast but does no damage.
Your ice beast hits the ice beast.
Your ice beast freezes the ice beast.
The ice beast completely resists.
Reach: x) +3 trident
Press: ? - help, Dir - move target, f/p - ice beast
Aim: an ice beast (heavily wounded)
You could not reach far enough!
The ice beast hits your ice beast. The ice beast freezes your ice beast.
Your ice beast completely resists.
Your ice beast hits the ice beast.
Your ice beast freezes the ice beast.
The ice beast completely resists.
Reach: x) +3 trident
Press: ? - help, Dir - move target, f/p - ice beast
Aim: an ice beast (heavily wounded)
You reach to attack!
You hit the ice beast.
The ice beast is severely wounded.
The ice beast hits your ice beast. The ice beast freezes your ice beast.
Your ice beast completely resists.
Your ice beast barely misses the ice beast.
Reach: x) +3 trident
Press: ? - help, Dir - move target, f/p - ice beast
Aim: an ice beast (severely wounded)
You could not reach far enough!
The ice beast hits your ice beast but does no damage.
Your ice beast hits the ice beast but does no damage.
Reach: x) +3 trident
Press: ? - help, Dir - move target, f/p - ice beast
Aim: an ice beast (severely wounded)
You could not reach far enough!
The ice beast closely misses your ice beast.
Your ice beast closely misses the ice beast.
Reach: x) +3 trident
Press: ? - help, Dir - move target, f/p - ice beast
Aim: an ice beast (severely wounded)
You could not reach far enough!
The ice beast barely misses your ice beast.
Your ice beast hits the ice beast but does no damage.
Reach: x) +3 trident
Press: ? - help, Dir - move target, f/p - ice beast
Aim: an ice beast (severely wounded)
You reach to attack!
You closely miss the ice beast.
The ice beast is severely wounded.
The ice beast hits your ice beast. The ice beast freezes your ice beast.
Your ice beast completely resists.
Your ice beast hits the ice beast.
Your ice beast freezes the ice beast.
The ice beast completely resists.
Reach: x) +3 trident
Press: ? - help, Dir - move target, f/p - ice beast
Aim: an ice beast (severely wounded)
You could not reach far enough!
The ice beast hits your ice beast. The ice beast freezes your ice beast.
Your ice beast completely resists.
Your ice beast hits the ice beast.
Your ice beast freezes the ice beast.
The ice beast completely resists.
Reach: x) +3 trident
Press: ? - help, Dir - move target, f/p - ice beast
Aim: an ice beast (almost dead)
You could not reach far enough!
The ice beast hits your ice beast. The ice beast freezes your ice beast.
Your ice beast completely resists.
Your ice beast misses the ice beast.
Reach: x) +3 trident
Press: ? - help, Dir - move target, f/p - ice beast
Aim: an ice beast (almost dead)
You reach to attack!
You barely miss the ice beast.
The ice beast is almost dead.
The ice beast closely misses your ice beast.
Your ice beast hits the ice beast but does no damage.
The ice beast hits your ice beast but does no damage.
Reach: x) +3 trident
Press: ? - help, Dir - move target, f/p - ice beast
Aim: an ice beast (almost dead)
You reach to attack!
You catch the helpless ice beast completely off-guard!
You hit the ice beast.
The ice beast is almost dead.
Your ice beast completely misses the ice beast.
The ice beast hits your ice beast. The ice beast freezes your ice beast.
Your ice beast completely resists.
Reach: x) +3 trident
Press: ? - help, Dir - move target, f/p - ice beast
Aim: an ice beast (almost dead)
You reach to attack!
You closely miss the ice beast.
The ice beast is almost dead.
Your ice beast hits the ice beast.
The ice beast dies!
Vehumet accepts your kill. Vehumet offers you knowledge of Shock.
You swap places.
There is a stone staircase leading down here.
Your ice beast disappears in a puff of smoke!
You see here a robe.
Are you sure you want to abandon this character and quit the game? (Confirm with "yes".)

#...[.# #.. ##.#.#.######## #.#
..............# #.#
##.....######.# ########.###
##.....######.# #...........
#.............# #.#####..##.
#......#####..# #.###.......
......## #..##### #.##.....##.
...#.## #....@.####.#......##.
#..#########.####................
#.............###......#.....###.
##.#########..##.............# #.
#.# #..#.......####.#.###. #.#
#..#....##.# #.#.#... #.#
###.......##.####....)#. #.#
#....................... #.#
#.#.......##.######.#...


There were no monsters in sight!

Vanquished Creatures
  Harold (D:7)
  A hornet (D:7)
  Sigmund (D:6)
  5 yaks (D:5)
  Edmund (D:4)
  Duvessa (D:5)
  A water moccasin (D:7)
  An ogre (D:7)
  The ghost of wojtek the Firebug, an amateur DEFE (D:3)
  2 bullfrogs (D:6)
  A scorpion (D:7)
  Dowan (D:5)
  5 killer bees (D:7)
  2 hounds
  4 orc priests
  4 orc wizards
  Ijyb (D:4)
  3 iguanas
  A worker ant (D:5)
  3 hound skeletons
  3 gnolls (D:6)
  5 adders
  A shadow imp (D:7)
  A white imp (D:6)
  An ufetubus (D:7)
  4 worms
  4 leopard geckos
  9 orcs
  4 giant cockroaches
  5 hobgoblins (D:1)
  4 jackals (D:3)
  2 quokkas
  2 ball pythons (D:3)
  4 goblins
  4 kobolds
  A leopard gecko skeleton (D:4)
  3 rats
97 creatures vanquished.

Vanquished Creatures (collateral kills)
  An ice beast (D:7)
  A bullfrog zombie (D:5)
  A hound (D:5)
  2 hound zombies (D:5)
  A leopard gecko zombie (D:5)
6 creatures vanquished.

Vanquished Creatures (others)
  A centaur (D:6)
1 creature vanquished.

Grand Total: 104 creatures vanquished

Notes
Turn   | Place    | Note
-------+----------+-------------------------------------------
     0 | D:1      | EnegeticOcto the Gnoll Ice Elementalist began the quest for
                  | the Orb.
     0 | D:1      | Reached XP level 1. HP: 13/13 MP: 6/6
   100 | D:1      | Reached XP level 2. HP: 19/19 MP: 3/7
   241 | D:2      | Reached skill level 5 in Spellcasting
   241 | D:2      | Reached XP level 3. HP: 17/25 MP: 5/9
   249 | D:2      | Learned a level 3 spell: Frozen Ramparts
   253 | D:2      | Learned a level 3 spell: Ozocubu's Armour
   372 | D:3      | Reached skill level 1 in Invocations
   402 | D:3      | Found a large runed translucent door.
   402 | D:3      | Found a large runed translucent door.
   402 | D:3      | Noticed wojtek's ghost (amateur DEFE)
   409 | D:3      | Killed wojtek's ghost
   410 | D:3      | Reached skill level 1 in Fighting
   410 | D:3      | Reached skill level 1 in Short Blades
   410 | D:3      | Reached skill level 1 in Long Blades
   410 | D:3      | Reached skill level 1 in Axes
   410 | D:3      | Reached skill level 1 in Maces & Flails
   410 | D:3      | Reached skill level 1 in Polearms
   410 | D:3      | Reached skill level 1 in Staves
   410 | D:3      | Reached skill level 1 in Slings
   410 | D:3      | Reached skill level 1 in Bows
   410 | D:3      | Reached skill level 1 in Crossbows
   410 | D:3      | Reached skill level 1 in Throwing
   410 | D:3      | Reached skill level 1 in Armour
   410 | D:3      | Reached skill level 1 in Shields
   410 | D:3      | Reached skill level 1 in Unarmed Combat
   410 | D:3      | Reached skill level 1 in Conjurations
   410 | D:3      | Reached skill level 1 in Hexes
   410 | D:3      | Reached skill level 1 in Summonings
   410 | D:3      | Reached skill level 1 in Necromancy
   410 | D:3      | Reached skill level 1 in Translocations
   410 | D:3      | Reached skill level 1 in Transmutations
   410 | D:3      | Reached skill level 1 in Fire Magic
   410 | D:3      | Reached skill level 1 in Air Magic
   410 | D:3      | Reached skill level 1 in Earth Magic
   410 | D:3      | Reached skill level 1 in Poison Magic
   410 | D:3      | Reached skill level 1 in Evocations
   410 | D:3      | Reached XP level 4. HP: 19/32 MP: 1/11
   435 | D:3      | Learned a level 4 spell: Summon Ice Beast
   448 | D:3      | Reached XP level 5. HP: 24/37 MP: 3/12
   649 | D:4      | Noticed Menkaure
   731 | D:4      | Noticed Ijyb
   734 | D:4      | Noticed Edmund
   739 | D:4      | Killed Ijyb
   747 | D:4      | Killed Edmund
   748 | D:4      | Reached skill level 2 in Fighting
   748 | D:4      | Reached skill level 2 in Short Blades
   748 | D:4      | Reached skill level 2 in Long Blades
   748 | D:4      | Reached skill level 2 in Axes
   748 | D:4      | Reached skill level 2 in Maces & Flails
   748 | D:4      | Reached skill level 2 in Polearms
   748 | D:4      | Reached skill level 2 in Staves
   748 | D:4      | Reached skill level 2 in Slings
   748 | D:4      | Reached skill level 2 in Bows
   748 | D:4      | Reached skill level 2 in Crossbows
   748 | D:4      | Reached skill level 2 in Throwing
   748 | D:4      | Reached skill level 2 in Armour
   748 | D:4      | Reached skill level 5 in Dodging
   748 | D:4      | Reached skill level 2 in Shields
   748 | D:4      | Reached skill level 2 in Unarmed Combat
   748 | D:4      | Reached skill level 2 in Invocations
   748 | D:4      | Reached skill level 2 in Evocations
   748 | D:4      | Reached XP level 6. HP: 41/44 MP: 5/14
   779 | D:4      | Found a radiant altar of Vehumet.
   783 | D:4      | Found an ancient bone altar of Kikubaaqudgha.
   784 | D:4      | Found a shimmering blue altar of Sif Muna.
   789 | D:4      | Identified Kikubaaqudgha's Compendium of Stolen Souls
   827 | D:4      | Became a worshipper of Vehumet
   850 | D:5      | Entered Level 5 of the Dungeon
   891 | D:5      | Found Pakaf's Antique Weapon Shop.
   924 | D:5      | Noticed Dowan
   931 | D:5      | Noticed Duvessa
   938 | D:5      | Killed Dowan
   939 | D:5      | Reached XP level 7. HP: 15/50 MP: 7/15
   942 | D:5      | Killed Duvessa
   943 | D:5      | Reached skill level 2 in Conjurations
   943 | D:5      | Reached skill level 2 in Hexes
   943 | D:5      | Reached skill level 2 in Summonings
   943 | D:5      | Reached skill level 2 in Necromancy
   943 | D:5      | Reached skill level 2 in Translocations
   943 | D:5      | Reached skill level 2 in Transmutations
   943 | D:5      | Reached skill level 2 in Fire Magic
   943 | D:5      | Reached skill level 2 in Air Magic
   943 | D:5      | Reached skill level 2 in Earth Magic
   943 | D:5      | Reached skill level 2 in Poison Magic
   977 | D:5      | Noticed a yak
  1005 | D:5      | Noticed a yak
  1005 | D:5      | Noticed a yak
  1006 | D:5      | Noticed a yak
  1015 | D:5      | Noticed a yak
  1023 | D:5      | Killed a yak
  1024 | D:5      | Reached skill level 5 in Stealth
  1024 | D:5      | Reached skill level 3 in Invocations
  1025 | D:5      | Killed a yak
  1026 | D:5      | Reached skill level 3 in Fighting
  1026 | D:5      | Reached skill level 3 in Short Blades
  1026 | D:5      | Reached skill level 3 in Long Blades
  1026 | D:5      | Reached skill level 3 in Axes
  1026 | D:5      | Reached skill level 3 in Maces & Flails
  1026 | D:5      | Reached skill level 3 in Polearms
  1026 | D:5      | Reached skill level 3 in Staves
  1026 | D:5      | Reached skill level 3 in Slings
  1026 | D:5      | Reached skill level 3 in Bows
  1026 | D:5      | Reached skill level 3 in Crossbows
  1026 | D:5      | Reached skill level 3 in Throwing
  1026 | D:5      | Reached skill level 3 in Armour
  1026 | D:5      | Reached skill level 3 in Shields
  1026 | D:5      | Reached skill level 3 in Unarmed Combat
  1026 | D:5      | Reached skill level 3 in Evocations
  1026 | D:5      | Reached XP level 8. HP: 15/58 MP: 2/16
  1027 | D:5      | Killed a yak
  1029 | D:5      | Killed a yak
  1030 | D:5      | Reached skill level 6 in Spellcasting
  1030 | D:5      | Killed a yak
  1145 | D:6      | Noticed Valentain's ghost (weakling HODe)
  1159 | D:6      | Reached * piety under Vehumet
  1159 | D:6      | Offered knowledge of Magic Dart by Vehumet.
  1200 | D:6      | Reached skill level 4 in Invocations
  1254 | D:6      | Reached skill level 3 in Conjurations
  1254 | D:6      | Reached skill level 3 in Hexes
  1254 | D:6      | Reached skill level 3 in Summonings
  1254 | D:6      | Reached skill level 3 in Necromancy
  1254 | D:6      | Reached skill level 3 in Translocations
  1254 | D:6      | Reached skill level 3 in Transmutations
  1254 | D:6      | Reached skill level 3 in Fire Magic
  1254 | D:6      | Reached skill level 3 in Air Magic
  1254 | D:6      | Reached skill level 3 in Earth Magic
  1254 | D:6      | Reached skill level 3 in Poison Magic
  1313 | D:7      | Reached skill level 6 in Dodging
  1313 | D:7      | Reached XP level 9. HP: 53/65 MP: 12/18
  1390 | D:6      | Noticed Sigmund
  1406 | D:6      | Killed Sigmund
  1407 | D:6      | Reached skill level 4 in Fighting
  1407 | D:6      | Reached skill level 4 in Short Blades
  1407 | D:6      | Reached skill level 4 in Long Blades
  1407 | D:6      | Reached skill level 4 in Axes
  1407 | D:6      | Reached skill level 4 in Maces & Flails
  1407 | D:6      | Reached skill level 4 in Polearms
  1407 | D:6      | Reached skill level 4 in Staves
  1407 | D:6      | Reached skill level 4 in Slings
  1407 | D:6      | Reached skill level 4 in Bows
  1407 | D:6      | Reached skill level 4 in Crossbows
  1407 | D:6      | Reached skill level 4 in Throwing
  1407 | D:6      | Reached skill level 4 in Armour
  1407 | D:6      | Reached skill level 4 in Shields
  1407 | D:6      | Reached skill level 4 in Unarmed Combat
  1407 | D:6      | Reached skill level 4 in Evocations
  1552 | D:7      | Reached skill level 6 in Stealth
  1552 | D:7      | Reached skill level 8 in Ice Magic
  1555 | D:7      | Found a staircase to the Ecumenical Temple.
  1562 | D:7      | Noticed a hornet
  1576 | D:7      | Killed a hornet
  1591 | D:7      | Noticed Harold
  1599 | D:7      | Killed Harold
  1600 | D:7      | Reached skill level 5 in Invocations
  1632 | D:7      | Reached skill level 7 in Spellcasting
  1683 | D:8      | Noticed a two-headed ogre
  1684 | D:8      | Reached XP level 10. HP: 39/73 MP: 3/20
  1686 | D:8      | Reached skill level 4 in Conjurations
  1686 | D:8      | Reached skill level 4 in Hexes
  1686 | D:8      | Reached skill level 4 in Summonings
  1686 | D:8      | Reached skill level 4 in Necromancy
  1686 | D:8      | Reached skill level 4 in Translocations
  1686 | D:8      | Reached skill level 4 in Transmutations
  1686 | D:8      | Reached skill level 4 in Fire Magic
  1686 | D:8      | Reached skill level 4 in Air Magic
  1686 | D:8      | Reached skill level 4 in Earth Magic
  1686 | D:8      | Reached skill level 4 in Poison Magic
  1703 | D:7      | Offered knowledge of Shock by Vehumet.
  1770 | D:7      | Quit the game

Illustrated notes

Levels and vault maps discovered:
D:1:      dpeg_arrival_renting, layout_rooms, minmay_octomino_j4
D:2:      layout_rooms, zin_academy, chequers_ecumenical_altar_simple,
          uniq_terence
D:3:      layout_loops_corners, serial_aquarium, aquarium_bridge_square
          [aquarium_subvault_bridge, aquarium_subvault_window,
          aquarium_subvault_bridge, aquarium_subvault_bridge],
          aquarium_bridge_square [aquarium_subvault_wall,
          aquarium_subvault_wall, aquarium_subvault_bridge,
          aquarium_subvault_balcony], aquarium_window_1, aquarium_window_fake,
          aquarium_window_corner, aquarium_view_2c, ebering_ghost_disaster_area,
          uniq_natasha, uniq_crazy_yiuf_cottage
D:4:      wad_crossroads, layout_basic, grunt_temple_overflow_magic_moments,
          uniq_edmund, uniq_menkaure, uniq_ijyb
D:5:      layout_cave_pools, chequers_temple_overflow_minitemple, serial_shops,
          shop, uniq_duvessa
D:6:      layout_basic, gammafunk_ghost_icy, minivault_22, uniq_sigmund
D:7:      layout_loops_ring, chequers_temple_overflow_statue_of_worship,
          minmay_temple_entry_large_hall, amcnicky_altar_lugonu_corruption,
          uniq_harold
D:8:      layout_rooms, makhleb_altar_promises_db

Skill      XL: |  1  2  3  4  5  6  7  8  9 10 |
---------------+-------------------------------+-----
Spellcasting   | 5 6 7 |  7.0
Invocations    | 1 2 3 4 5 |  5.3
Fighting       | 1 2 3 4 |  4.8
Short Blades   | 1 2 3 4 |  4.8
Long Blades    | 1 2 3 4 |  4.8
Axes           | 1 2 3 4 |  4.8
Maces & Flails | 1 2 3 4 |  4.8
Polearms       | 1 2 3 4 |  4.8
Staves         | 1 2 3 4 |  4.8
Slings         | 1 2 3 4 |  4.8
Bows           | 1 2 3 4 |  4.8
Crossbows      | 1 2 3 4 |  4.8
Throwing       | 1 2 3 4 |  4.8
Armour         | 1 2 3 4 |  4.8
Shields        | 1 2 3 4 |  4.8
Unarmed Combat | 1 2 3 4 |  4.8
Conjurations   | 1 2 3 4 |  4.0
Hexes          | 1 2 3 4 |  4.0
Summonings     | 1 2 3 4 |  4.0
Necromancy     | 1 2 3 4 |  4.0
Translocations | 1 2 3 4 |  4.0
Transmutations | 1 2 3 4 |  4.0
Fire Magic     | 1 2 3 4 |  4.0
Air Magic      | 1 2 3 4 |  4.0
Earth Magic    | 1 2 3 4 |  4.0
Poison Magic   | 1 2 3 4 |  4.0
Evocations     | 1 2 3 4 |  4.8
Dodging        | 5 6 |  6.7
Stealth        | 5 6 |  6.5
Ice Magic      | 8 |  8.2

Action                   |  1- 3 |  4- 6 |  7- 9 | 10-12 || total
-------------------------+-------+-------+-------+-------++-------
Melee: Dagger            |    18 |    22 |    22 |       ||    62
       Bite              |     1 |     2 |     8 |       ||    11
       Punch             |       |     1 |       |       ||     1
       Trident           |       |       |    24 |     6 ||    30
Throw: Boomerang         |       |    27 |    44 |     3 ||    74
 Cast: Freeze            |    23 |    14 |    10 |       ||    47
       Frozen Ramparts   |     2 |     5 |    18 |       ||    25
       Ozocubu's Armour  |     1 |     2 |     8 |       ||    11
       Summon Ice Beast  |       |     2 |     4 |     1 ||     7
Evoke: Wand              |       |       |     6 |       ||     6
  Use: Scroll            |       |       |     1 |       ||     1
 Stab: Sleeping          |     1 |     1 |       |       ||     2
       Distracted        |       |       |       |     1 ||     1
Armor: Robe              |       |     5 |    15 |       ||    20
Dodge: Dodged            |    16 |    54 |    60 |     3 ||   133
